 Dungeon Crawl Stone Soup version 0.25-a0-1118-g1a081956a1 (webtiles) character file.

Game seed: 5724043812951437786, levelgen mode: deterministic

100 Gynju the Chiller (level 4, -1/30 HPs)
             Began as a Merfolk Ice Elementalist on May 17, 2020.
             Killed by nerve-wracking pain
             ... invoked by an orc priest
              (14 damage)
             ... on level 3 of the Dungeon.
             The game lasted 00:03:34 (2942 turns).

Gynju the Chiller (Merfolk Ice Elementalist)        Turns: 2942, Time: 00:03:34

Health: -1/30      AC:  3    Str:  9    XL:     4   Next: 73%
Magic:  7/8        EV: 13    Int: 14    God:
Gold:   90         SH:  0    Dex: 14    Spells: 4/8 levels left

rFire    . . .     SeeInvis .   p - +1 spear
rCold    . . .     Gourm    .   (no shield)
rNeg     . . .     Faith    .   a - +0 leather armour
rPois    .         Spirit   .   (no helmet)
rElec    .         Reflect  .   (no cloak)
rCorr    .         Harm     .   (no gloves)
MR       .....                  (no boots)
Stlth    ++........             (no amulet)
HPRegen  0.10/turn              (no ring)
MPRegen  0.11/turn              (no ring)

@: no status effects
A: change form in water, swift swim, stealthy swim
a: no special abilities


You were on level 3 of the Dungeon.
You were not hungry.

You visited 1 branch of the dungeon, and saw 3 of its levels.

You collected 90 gold pieces.

Inventory:

Hand Weapons
 p - a +1 spear (weapon)
Armour
 a - a +0 leather armour (worn)
Jewellery
 g - an uncursed ring of positive energy {unknown}
Wands
 s - a wand of paralysis (8)
Scrolls
 d - a scroll of identify {@r1}
 e - a scroll of fog {unknown}
 f - a scroll of teleportation
 h - a scroll of immolation
 r - 3 scrolls of fear {unknown}
Potions
 b - 2 potions of haste
 j - a potion of invisibility {unknown}
 k - a potion of brilliance {unknown}
 o - a potion of ambrosia {unknown}
 q - a potion of stabbing {unknown}
Comestibles
 c - 5 rations


   Skills:
 - Level 3.7 Dodging
 + Level 3.4 Stealth
 + Level 2.8 Spellcasting
 + Level 5.0 Ice Magic


You had 4 spell levels left.
You knew the following spells:

 Your Spells              Type           Power        Failure   Level  Hunger
a - Freeze                Ice            ###.         4%          1    #......
b - Frozen Ramparts       Ice            ###...       12%         3    ###....

Your spell library contained the following spells:

 Spells                   Type           Power        Failure   Level  Hunger
 Ozocubu's Armour         Chrm/Ice       #.......     32%         3    ###....
 Hailstorm                Conj/Ice       #.......     73%         4    #####..
 Summon Ice Beast         Ice/Summ       #.......     73%         4    #####..


Dungeon Overview and Level Annotations

Branches:
Dungeon (3/15)

Altars:
Hepliaklqana
Xom


Message History

The walls around you are covered in ice.
The wall freezes the hobgoblin.
The hobgoblin hits you.
The wall freezes the orc.
The wall freezes the hobgoblin.
The wall freezes the orc.
The wall freezes the hobgoblin.
You kill the hobgoblin!
The wall freezes the orc.
The wall freezes the orc priest.
The orc priest mumbles some strange prayers to Beogh against you.
Beogh smites you!
Ouch! That really hurt!
The wall freezes the orc.
The wall freezes the orc.
You kill the orc!
The wall freezes the orc priest.
The frozen ramparts melt away.
Things that are here:
a +2 dagger of venom; a kobold corpse The orc priest invokes the aid of Beogh against you.
Pain shoots through your body!
You die...

*,* #.,,* #.#*********,, *,*
#...# #.#,,,,,,,,,,, *,* #...#
#.#,********,, *,* #...# #.#,*
*,,
*,********#...###'#+####****,,
*,*,,,,,,,+..............,,***
*,*,******#..............,,*
*,*,* #..............,,* *,*,*
#..@........###*** ****,*,*
####........#
,,,,,*,***#######........###***##
**,,,,,,,,..................,,...
,,,,,,,***#######.##.#.####***###
**,******########o##o#.##########
*>,,,,,,........................
*,***,,,########.##)#.######....
**,* *,,,* #.##......o.'....


You could see an orc priest and an orc wizard.

Vanquished Creatures
  4 adders
  3 dart slugs
  A leopard gecko (D:2)
  An orc (D:3)
  2 bats
  7 giant cockroaches
  3 goblins
  4 hobgoblins
  3 jackals (D:1)
  4 ball pythons
  4 frilled lizards
  9 kobolds
  10 rats
55 creatures vanquished.

Notes
Turn   | Place    | Note
-------+----------+-------------------------------------------
     0 | D:1      | Gynju the Merfolk Ice Elementalist began the quest for the
                  | Orb.
     0 | D:1      | Reached XP level 1. HP: 13/13 MP: 3/3
   217 | D:1      | Reached XP level 2. HP: 16/19 MP: 0/5
   719 | D:1      | Reached XP level 3. HP: 19/24 MP: 0/6
  1498 | D:2      | Learned a level 3 spell: Frozen Ramparts
  1804 | D:2      | Reached XP level 4. HP: 30/30 MP: 7/7
  2297 | D:3      | Found a hazy altar of Hepliaklqana.
  2530 | D:3      | Reached skill level 5 in Ice Magic
  2755 | D:3      | Found a shimmering altar of Xom.
  2756 | D:3      | Found a shimmering altar of Xom.
  2756 | D:3      | Found a shimmering altar of Xom.
  2756 | D:3      | Found a shimmering altar of Xom.
  2757 | D:3      | Found a shimmering altar of Xom.
  2757 | D:3      | Found a shimmering altar of Xom.
  2757 | D:3      | Found a shimmering altar of Xom.
  2757 | D:3      | Found a shimmering altar of Xom.
  2942 | D:3      | Killed from afar by an orc priest

Illustrated notes

Levels and vault maps discovered:
D:1:      dpeg_arrival_rooms_with_view, layout_basic
D:2:      layout_basic
D:3:      layout_basic, lemuel_round_altar, xom_redecorated

Skill      XL: |  1  2  3  4 |
---------------+-------------+-----
Dodging        | 3 |  3.7
Stealth        | 3 |  3.4
Ice Magic      | 5 |  5.0
Spellcasting   | |  2.8

Action                   |  1- 3 |  4- 6 || total
-------------------------+-------+-------++-------
Melee: Unarmed           |     2 |       ||     2
       Whip              |    33 |       ||    33
       Spear             |     2 |    35 ||    37
 Cast: Freeze            |    47 |    14 ||    61
       Frozen Ramparts   |       |     1 ||     1
  Use: Scroll            |       |     7 ||     7
 Stab: Sleeping          |     2 |     1 ||     3
  Eat: Chunk             |     4 |     3 ||     7
Armor: Leather armour    |    20 |     4 ||    24
Dodge: Dodged            |    61 |    24 ||    85

Table legend:
 A = Non-vault XP
 B = Vault XP
 C = Vault XP percentage of total XP
 D = Non-vault monster count
 E = Vault monster count
 F = Vault count percentage of total count
                 A         B        C        D         E       F
            +---------+---------+-------+---------+---------+-------
      Total |     139 |       4 |   2.8 |      53 |       2 |   3.6
            +---------+---------+-------+---------+---------+-------
        D:1 |      40 |       4 |   9.1 |      23 |       2 |   8.0
        D:2 |      63 |       0 |   0.0 |      18 |       0 |   0.0
        D:3 |      36 |       0 |   0.0 |      12 |       0 |   0.0
            +---------+---------+-------+---------+---------+-------
